 Dungeon Crawl Stone Soup version 0.26-a0-613-g4f23886233 (webtiles) character file.

Game seed: 11793747188393147987

30 DogServant the Digger (level 3, -1/19 HPs)
             Began as a Gargoyle Earth Elementalist on Sept 11, 2020.
             Slain by an iguana (7 damage)
             ... on level 2 of the Dungeon.
             The game lasted 00:04:43 (1634 turns).

DogServant the Digger (Gargoyle Earth Elementalist) Turns: 1634, Time: 00:04:45

Health: -1/19      AC:  5    Str: 11    XL:     3   Next: 20%
Magic:  0/7        EV: 12    Int: 16    God:
Gold:   126        SH:  0    Dex: 10    Spells: 3/7 levels left

rFire    . . .     SeeInvis .   g - +0 short sword
rCold    . . .     Faith    .   (no shield)
rNeg     + . .     Spirit   .   c - +0 robe
rPois    ∞         Reflect  .   (no helmet)
rElec    +         Harm     .   (no cloak)
rCorr    .                      (no gloves)
MR       .....                  (no boots)
Stlth    ++........             (no amulet)
HPRegen  0.06/turn              (no ring)
MPRegen  0.10/turn              (no ring)

@: stab
A: negative energy resistance 1, electricity resistance, unbreathing,
petrification resistance, rot immunity, AC +3
a: no special abilities


You were on level 2 of the Dungeon.
You visited 1 branch of the dungeon, and saw 2 of its levels.

You collected 126 gold pieces.

Inventory:

Hand Weapons
 d - a +0 dagger
 g - a +0 short sword (weapon)
Missiles
 b - 35 stones (quivered)
Armour
 c - a +0 robe (worn)
 f - a cursed +0 pair of gloves


   Skills:
 - Level 1.5 Dodging
 - Level 2.2 Stealth
 + Level 2.7 Spellcasting
   Level 0.7 Transmutations
 * Level 4.4 Earth Magic


You had 3 spell levels left.
You knew the following spells:

 Your Spells              Type           Power        Failure   Level
a - Sandblast             Erth           ###...       3%          1
b - Stone Arrow           Conj/Erth      #.....       24%         3

Your spell library contained the following spells:

 Spells                   Type           Power        Failure   Level
 Passwall                 Tmut/Erth      ##......     10%         2
 Petrify                  Tmut/Erth      ##......     54%         4
 Lee's Rapid Deconstruct  Erth           ###.......   65%         5


Dungeon Overview and Level Annotations

Branches:
Dungeon (2/15)

Altars:


Innate Abilities, Weirdness & Mutations

You are resistant to torment.
Your stone body is resilient. (AC +3)
You are immune to poison.
You resist negative energy. (rN+)
You are resistant to electric shocks. (rElec)
You can survive without breathing.
You are immune to petrification.
You are immune to rotting.


Message History

Casting: Sandblast (safe; 3% risk of failure)
Confirm with . or Enter, or press ? or * to list all spells.
Aiming: Sandblast (safe; 3% risk of failure)
Press: ? - help, Shift-Dir - straight line, f/p - iguana
Aim: an iguana (almost dead)
The blast of sand hits the iguana but does no damage.
The iguana is almost dead.
b - 36 stones The iguana closely misses you.
Your magical contamination has completely faded away.
Casting: Sandblast (safe; 3% risk of failure)
Confirm with . or Enter, or press ? or * to list all spells.
Aiming: Sandblast (safe; 3% risk of failure)
Press: ? - help, Shift-Dir - straight line, f/p - iguana
Aim: an iguana (almost dead)
The blast of sand hits the iguana.
The iguana is almost dead.
b - 35 stones The iguana bites you!
You die...

#..#####..###.# ######.#.#.#
##...#....# #.#
######.#.#.#### ######.#.##.#
#.# #.....#........
.........##.###.#
#.####.#...####
######..##...##.# #.# #..#.##
#.....#....# #.# #.###.#
#..##...#### #.# ##>#..# #
##..........###)# ##.#.#
#####..........l@...######...#
...##.#.#.#.###.###..........#
##.##.#.#.#.# #.# #.#######..#
##>##.#.#.#.###.###.# #..#
##.##.#.#...........# #..#
......#.#...###.##### #..#
...####.#...# #.######## #..#
........#...# #........# #..#
#########...#####.#.##.####..#


You could see an iguana.

Vanquished Creatures
  A worm (D:2)
  A leopard gecko (D:1)
  3 giant cockroaches
  A goblin (D:1)
  5 hobgoblins
  6 kobolds
  A ball python (D:1)
  4 bats
  3 frilled lizards (D:2)
25 creatures vanquished.

Vanquished Creatures (others)
  6 plants (D:2)
6 creatures vanquished.

Grand Total: 31 creatures vanquished

Notes
Turn   | Place    | Note
-------+----------+-------------------------------------------
     0 | D:1      | DogServant the Gargoyle Earth Elementalist began the quest
                  | for the Orb.
     0 | D:1      | Reached XP level 1. HP: 10/10 MP: 3/3
   520 | D:1      | Reached skill level 4 in Earth Magic
   520 | D:1      | Reached XP level 2. HP: 11/15 MP: 0/5
  1266 | D:2      | Reached XP level 3. HP: 19/19 MP: 2/6
  1402 | D:2      | Learned a level 3 spell: Stone Arrow
  1634 | D:2      | Slain by an iguana

Illustrated notes

Levels and vault maps discovered:
D:1:      dpeg_arrival_refuge, layout_rooms
D:2:      layout_loops_ring, serial_bayou_pond_a

Skill      XL: |  1 |
---------------+----+-----
Earth Magic    | 4 |  4.4
Dodging        | |  1.5
Stealth        | |  2.2
Spellcasting   | |  2.7
Transmutations | |  0.7

Action                   || total
-------------------------++-------
Melee: Dagger            ||     6
       Unarmed           ||     3
       Short sword       ||     4
 Cast: Sandblast         ||    46
  Use: Potion            ||     2
       Scroll            ||     1
 Stab: Sleeping          ||     1
Armor: Robe              ||    11
Dodge: Dodged            ||    46

Table legend: (Time is in decaauts)
 A = Elapsed time spent in this place.
 B = Non-inter-level travel time spent in this place.
 C = Inter-level travel time spent in this place.
 D = Time resting spent in this place.
 E = Time spent auto-exploring this place.
 F = Levels seen in this place.
 G = Mean time per level.
                   A        B        C        D        E       F      G
               +--------+--------+--------+--------+--------+-----+--------+
         Total |   1633 |   1614 |     19 |    371 |    990 |   2 |  816.5 |
       Dungeon |   1633 |   1614 |     19 |    371 |    990 |   2 |  816.5 |
               +--------+--------+--------+--------+--------+-----+--------+

Top non-repeatable levels by time:
     D:1: 1020 daAuts
     D:2: 613 daAuts
